 Dungeon Crawl Stone Soup version 0.25.1-8-g42b30a86e7 (webtiles) character file.

Game seed: 11004765565405182273

177413 gruber the Peltast (level 17, -2/117 HPs)
             Began as an Octopode Venom Mage on Dec 16, 2020.
             Was a High Priest of Vehumet.
             Killed by divine providence
             ... invoked by Saint Roka
              (13 damage)
             ... on level 2 of the Orcish Mines on Dec 17, 2020.
             The game lasted 01:20:27 (42251 turns).

gruber the Peltast (Octopode Venom Mage)           Turns: 42251, Time: 01:20:28

Health: -2/117     AC: 11    Str: 13    XL:     17   Next: 85%
Magic:  1/23       EV: 19    Int: 38    God:    Vehumet [*****.]
Gold:   2462       SH: 14    Dex: 19    Spells: 8/39 levels left

rFire    + + .     SeeInvis +   N - +7 whip "Ballipt" {vorpal, rN+ MR+ Str+2}
rCold    + . .     Gourm    .   r - +0 kite shield {rC+ rF+}
rNeg     + + .     Faith    .   S - +1 hat
rPois    +         Spirit   .   T - amulet "Linopn" {Acrobat +Blink rElec rPois MP-9 Stlth+}
rElec    +         Reflect  .   L - ring of the Meadowlark {Int+2 SInv}
rCorr    .         Harm     .   p - ring of protection from cold
MR       ++...                  u - ring "Ezeix" {rF+ rC- Int+6 Dex+4 Stlth+}
Stlth    +++++.....             V - ring "Okeley" {AC+4 Str+3}
HPRegen  0.29/turn              X - +4 ring of evasion
MPRegen  0.18/turn              K - +6 ring of intelligence
                                j - ring of the Octopus King {rN+ AC+1 EV+1 Str+1 Int+1 Dex+1}
                                A - +4 ring of protection

@: studying Polearms
A: almost no armour, stealthy swim, amphibious, 8 rings, constrict 8, camouflage
1, gelatinous body 1
}: 1/15 runes: barnacled
a: Renounce Religion, Evoke Blink


You were on level 2 of the Orcish Mines.
You worshipped Vehumet.
Vehumet was extremely pleased with you.
You were not hungry.

You visited 6 branches of the dungeon, and saw 30 of its levels.
You also visited: Gauntlet.

You collected 2462 gold pieces.

Inventory:

Hand Weapons
 N - the +7 whip "Ballipt" (weapon) {vorpal, rN+ MR+ Str+2}
   (You found it in a Gauntlet)

   It inflicts extra damage upon your enemies.
   It affects your strength (+2).
   It protects you from negative energy.
   It affects your resistance to hostile enchantments.
Missiles
 s - 3 curare-tipped darts
 x - 34 silver javelins (quivered)
Armour
 r - a +0 kite shield of resistance (worn)
 S - a +1 hat (worn)
Magical Staves
 F - an uncursed staff of energy
Jewellery
 j - a ring of the Octopus King (on tentacle) {rN+ AC+1 EV+1 Str+1 Int+1 Dex+1}
   (You found it on level 2 of the Shoals)

   [ring of positive energy]

   It affects your AC (+1).
   It affects your evasion (+1).
   It affects your strength (+1).
   It affects your intelligence (+1).
   It affects your dexterity (+1).
   It protects you from negative energy.
 p - a ring of protection from cold (right tentacle)
 u - the ring "Ezeix" (on tentacle) {rF+ rC- Int+6 Dex+4 Stlth+}
   (You found it on level 4 of the Shoals)

   [ring of intelligence]

   It affects your intelligence (+6).
   It affects your dexterity (+4).
   It protects you from fire.
   It makes you vulnerable to cold.
   It makes you more stealthy.
 A - a +4 ring of protection (on tentacle)
 J - an uncursed ring of wizardry
 K - a +6 ring of intelligence (on tentacle)
 L - the ring of the Meadowlark (left tentacle) {Int+2 SInv}
   (You found it on level 10 of the Dungeon)

   [ring of see invisible]

   It affects your intelligence (+2).
   It lets you see invisible.
 T - the amulet "Linopn" (around mantle) {Acrobat +Blink rElec rPois MP-9 Stlth+}
   (You found it on level 3 of the Lair of Beasts)

   [amulet of the acrobat]

   It helps you evade while moving and waiting.
   It insulates you from electricity.
   It protects you from poison.
   It affects your magic capacity (-9).
   It lets you blink.
   It makes you more stealthy.
 V - the ring "Okeley" (on tentacle) {AC+4 Str+3}
   (You took it off an orc on level 12 of the Dungeon)

   [ring of protection]

   It affects your AC (+4).
   It affects your strength (+3).
 X - a +4 ring of evasion (on tentacle)
Wands
 w - a wand of enslavement (22)
 C - a wand of paralysis (56)
 E - a wand of disintegration (69)
 O - a wand of clouds (14)
 P - a wand of digging (2)
 U - a wand of acid (14)
Scrolls
 a - a scroll of brand weapon {unknown}
 d - 5 scrolls of amnesia {unknown}
 e - 5 scrolls of immolation {unknown}
 f - 5 scrolls of blinking {unknown}
 h - 5 scrolls of fear {unknown}
 i - 6 scrolls of enchant armour {unknown}
 k - 17 scrolls of teleportation
 l - 10 scrolls of identify
 q - 14 scrolls of remove curse
 t - a scroll of enchant weapon {unknown}
 y - 2 scrolls of fog {unknown}
 D - 3 scrolls of magic mapping {unknown}
 G - 2 scrolls of vulnerability {unknown}
 Q - 2 scrolls of random uselessness {unknown}
 Z - a scroll of summoning {unknown}
Potions
 c - 6 potions of might
 g - 6 potions of curing
 m - 2 potions of heal wounds
 n - 4 potions of brilliance
 o - 4 potions of lignification
 v - 7 potions of flight
 z - 7 potions of stabbing
 B - a potion of ambrosia
 H - a potion of invisibility
 I - 3 potions of berserk rage
 M - 3 potions of haste
Books
 R - a manual of Polearms
Comestibles
 b - 42 rations
 W - 3 chunks of flesh


   Skills:
 - Level 11.2 Fighting
 - Level 2.0 Dodging
 - Level 2.6 Stealth
 - Level 15.0 Shields
 * Level 11.9 Spellcasting
 - Level 15.0 Conjurations
 - Level 8.0 Necromancy
 - Level 4.0 Translocations
 - Level 1.0 Transmutations
 - Level 6.1 Fire Magic
 - Level 6.0 Earth Magic
 - Level 13.0 Poison Magic


You had 8 spell levels left.
You knew the following spells:

 Your Spells              Type           Power        Failure   Level  Hunger
a - Sting                 Tmut/Pois      ####         1%          1    None
b - Mephitic Cloud        Conj/Pois/Air  #######.     1%          3    None
c - Ignite Poison         Fire/Tmut/Pois ######..     1%          3    None
d - Olgreb's Toxic Radia  Pois           #######.     1%          4    None
e - Blink                 Tloc           N/A          1%          2    None
f - Searing Ray           Conj           ######       0%          2    None
g - Fireball              Conj/Fire      #######...   1%          5    None
h - Iron Shot             Conj/Erth      #######...   1%          6    ###....
i - Borgnjor's Vile Clut  Necr/Erth      ######....   2%          5    None

Your spell library contained the following spells:

 Spells                   Type           Power        Failure   Level  Hunger
 Ozocubu's Refrigeration  Ice            ###.......   52%         6    ###....
 Foxfire                  Conj/Fire      ####         0%          1    None
 Magic Dart               Conj           ####         0%          1    None
 Beastly Appendage        Tmut           ####..       1%          1    None
 Corona                   Hex            ###....      1%          1    None
 Shock                    Conj/Air       ####         1%          1    None
 Corpse Rot               Necr/Air       N/A          1%          2    None
 Poisonous Vapours        Pois/Air       ######       1%          2    None
 Sticks to Snakes         Tmut           ####....     1%          2    None
 Conjure Flame            Conj/Fire      #######.     1%          3    None
 Dazzling Flash           Conj/Hex       ######       1%          3    None
 Gell's Gravitas          Tloc           ######....   1%          3    None
 Inner Flame              Hex/Fire       #####...     1%          3    None
 Spider Form              Tmut/Pois      ######....   1%          3    None
 Static Discharge         Conj/Air       ######..     1%          3    None
 Stone Arrow              Conj/Erth      ######       1%          3    None
 Fulminant Prism          Conj/Hex       ######....   1%          4    None
 Iskenderun's Mystic Bla  Conj/Tloc      #######.     1%          4    None
 Sticky Flame             Conj/Fire      #######.     1%          4    None
 Irradiate                Conj/Tmut      ######....   1%          5    None
 Lightning Bolt           Conj/Air       ######....   1%          5    None
 Call Imp                 Summ           ###.....     2%          2    None
 Ensorcelled Hibernation  Hex/Ice        ###...       2%          2    None
 Slow                     Hex            ###.....     2%          2    None
 Swiftness                Chrm/Air       ###.....     2%          2    None
 Portal Projectile        Hex/Tloc       #####.       2%          3    None
 Petrify                  Tmut/Erth      #####...     3%          4    None
 Confusing Touch          Hex            ###.....     4%          3    None
 Tukima's Dance           Hex            ###.....     4%          3    None
 Airstrike                Air            ###.......   4%          4    None
 Yara's Violent Unravell  Hex/Tmut       ####......   11%         5    None
 Ice Form                 Ice/Tmut       ####....     13%         4    None
 Eringya's Noxious Bog    Tmut/Pois      ######....   14%         6    ###....
 Cause Fear               Hex            ###.......   17%         4    None
 Summon Lightning Spire   Summ/Air       ###.....     17%         4    None
 Summon Forest            Summ/Tloc      #####.....   21%         5    None
 Blade Hands              Tmut           ####......   30%         5    None
 Silence                  Hex/Air        ###.......   43%         5    None
 Dispersal                Tloc           ######....   45%         6    ###....
 Statue Form              Tmut/Erth      #####....    52%         6    ###....
 Hydra Form               Tmut           ####......   86%         6    ###....
 Dragon Form              Tmut           ####......   100%        7    #####..
 Summon Hydra             Summ           ###.......   100%        7    #####..
 Controlled Blink         Tloc           N/A          100%        8    ######.
 Discord                  Hex            ###.......   100%        8    ######.
 Disjunction              Tloc           ######....   100%        8    ######.


Dungeon Overview and Level Annotations

Branches:
Dungeon (15/15)            Temple (1/1) D:6            Lair (6/6) D:9
 Shoals (4/4) Lair:2       Spider (2/4) Lair:3        Slime (0/5) Lair:6
    Orc (2/2) D:12            Elf (0/3) Orc:2        Vaults (0/5) D:14
 Depths (0/5) D:15        Gauntlet (visited)

Altars:
Ashenzari
Cheibriados
Dithmenos
Elyvilon
Gozag
Hepliaklqana
Nemelex Xobeh
Okawaru
Qazlal
Sif Muna
Trog
Uskayaw
Vehumet
Xom
Zin
The Shining One
Beogh

Shops:
D:4 %   D:5 *   D:9 (   D:13 (=

Portals:
Abyss: Lair:6
Trove: D:13 (give +5 demon whip)

Annotations:
D:4 2 transporters
D:9 2 transporters, Jaiteiro's ghost, journeyman GnFi
D:11 3 runed translucent doors, gruber's ghost, novice OpTm
D:15 3 runed translucent doors, exclusion: obsidian statue, SafestHooves's ghost, journeyman CeMo
Lair:6 2 transporters, Iaco's ghost, journeyman MiBe
Shoals:3 Nikola
Orc:2 Saint Roka


Innate Abilities, Weirdness & Mutations

You cannot wear most types of armour.
You are very stealthy in the water. (Stealth+)
You are amphibious.
You can wear up to eight rings at the same time.
You can use your tentacles to constrict eight enemies at once.
Your skin changes colour to match your surroundings (Stealth+).
Your rubbery body absorbs attacks. (AC +1, EV +1)


Message History

Press: ? - help, Shift-Dir - straight line, f/p - Saint Roka
Aim: Saint Roka, wielding a +1 vorpal battleaxe and wearing a +1 chain mail of fire resistance (almost dead, covered in acid)
The bolt of acid misses Saint Roka.
Saint Roka calls down the wrath of Beogh upon you.
Beogh smites you!
* * * LOW HITPOINT WARNING * * *
Unknown command.
Unknown command.
Casting: Iron Shot (dangerous; 1% risk of failure)
Confirm with . or Enter, or press ? or * to list all spells.
You blink.
Unknown command.
Unknown command.
Unknown command.
Casting: Blink (safe; 1% risk of failure)
Confirm with . or Enter, or press ? or * to list all spells.
You blink.
Saint Roka mumbles some strange prayers to Beogh against you.
Beogh smites you!
You die...

..#.......#....## #.....
................# .....)
...............## ######.......
...........#.#..#####..8.........
..#..............#.#..).......
......)..)....§)))).)..)......
.......)[.......o§.#.....(....
........##...#.....##..8.)....
..........[.....@.########....
.................### ...
..........).....#..## ..
....................## #o....
......#.......#.#....# #8...8
............#..####.## ####.....
.................#### ###..#.....
.......##.........## #..........
.##....##..........# ##..........


You could see Saint Roka (corroded).

Vanquished Creatures
  Kirke (Lair:4)
  A minotaur (Gauntlet)
  Snorg (Lair:4)
  A merfolk javelineer (Shoals:3)
  9 merfolk impalers
  A yaktaur captain (D:15)
  3 vault guards (D:14)
  4 hydras
  4 merfolk aquamancers
  2 merfolk avatars
  4 catoblepae
  2 alligator snapping turtles
  4 centaur warriors
  A queen ant (Gauntlet)
  2 two-headed ogres
  11 death yaks (Lair:6)
  6 tengu warriors
  5 satyrs
  An orc high priest (Orc:2)
  Urug (Orc:2)
  A deep elf knight (D:14)
  A fire crab (Lair:6)
  10 sea snakes
  2 unseen horrors
  A kraken simulacrum (Shoals:4)
  A wizard (D:14)
  15 harpies
  An obsidian statue (D:15)
  A wolf spider zombie (D:14)
  5 orc knights
  7 orb spiders
  12 fauns
  3 orc sorcerers (Orc:2)
  6 ugly things
  4 cyclopes
  8 wolf spiders
  16 manticores
  18 elephants
  2 guardian serpents (D:14)
  3 moths of wrath (Spider:1)
  A torpor snail (Lair:6)
  5 black mambas
  11 merfolk sirens
  9 water nymphs
  4 spiny frogs
  A gargoyle (D:13)
  A molten gargoyle (D:14)
  Maggie (D:8)
  7 rime drakes
  6 komodo dragons
  4 demonic crawlers
  3 yaktaurs
  A tengu conjurer (D:14)
  10 jumping spiders
  19 merfolk
  3 meliai (D:15)
  4 wind drakes
  7 trolls
  12 hippogriffs
  5 hornets
  9 dream sheep
  A queen bee (Gauntlet)
  17 blink frogs
  Grinder (D:5)
  6 slime creatures
  11 snapping turtles
  A meliai zombie (D:15)
  2 vampires
  Sigmund (D:5)
  9 tarantellas
  13 redbacks
  A shadow (D:13)
  2 wyverns
  14 water elementals
  59 yaks
  A basilisk (Lair:4)
  7 hogs (Lair:4)
  3 hungry ghosts
  16 vampire mosquitoes
  2 wargs
  4 soldier ants
  11 water moccasins
  6 porcupines
  33 orc warriors
  5 ice beasts
  2 eyes of draining
  5 sky beasts
  5 black bears
  2 phantoms
  10 ogres
  16 wolves
  17 centaurs
  12 crocodiles
  A big kobold (D:9)
  13 bullfrogs
  A wyvern zombie (D:11)
  4 scorpions
  24 killer bees
  12 wights
  3 electric eels
  2 howler monkeys (D:5)
  8 crimson imps
  A lava snake (D:13)
  2 bullfrog zombies
  6 jellies
  A quasit (D:8)
  4 centaur zombies
  2 bullfrog skeletons
  15 orc priests
  9 centaur skeletons
  9 hounds
  7 iguanas
  23 orc wizards
  17 worker ants
  2 hound skeletons
  A howler monkey zombie (D:5)
  12 gnolls
  A howler monkey skeleton (D:11)
  18 adders
  6 shadow imps
  3 oozes
  2 adder zombies (D:6)
  2 adder skeletons
  6 worms
  2 dart slugs
  6 leopard geckos
  81 orcs
  8 bats
  5 giant cockroaches
  5 hobgoblins (D:1)
  11 jackals
  6 quokkas
  4 ball pythons
  6 frilled lizards
  6 goblins
  A jackal zombie (D:5)
  9 kobolds
  3 quokka skeletons
  6 rats
  A butterfly (Lair:4)
  2 fungi (Lair:5)
  2 plants
  2 tentacles (Shoals:4)
982 creatures vanquished.

Vanquished Creatures (others)
  A bullfrog zombie (D:6)
  3 bushes
  13 fungi
  4 plants
  2 tentacles (Shoals:4)
23 creatures vanquished.

Grand Total: 1005 creatures vanquished

Notes
Turn   | Place    | Note
-------+----------+-------------------------------------------
     0 | D:1      | gruber the Octopode Venom Mage began the quest for the Orb.
     0 | D:1      | Reached XP level 1. HP: 11/11 MP: 3/3
   434 | D:1      | Reached XP level 2. HP: 13/17 MP: 5/5
  1329 | D:1      | Reached skill level 5 in Poison Magic
  1329 | D:1      | Reached XP level 3. HP: 21/21 MP: 6/6
  1950 | D:2      | Reached XP level 4. HP: 25/27 MP: 3/7
  2820 | D:2      | Learned a level 3 spell: Mephitic Cloud
  2824 | D:2      | Learned a level 3 spell: Ignite Poison
  2850 | D:3      | Reached XP level 5. HP: 29/31 MP: 3/8
  3769 | D:3      | Reached XP level 6. HP: 36/36 MP: 10/10
  3812 | D:3      | Found a shadowy altar of Dithmenos.
  3982 | D:3      | Found a bloodstained altar of Trog.
  4608 | D:4      | Learned a level 4 spell: Olgreb's Toxic Radiance
  4690 | D:4      | Reached XP level 7. HP: 37/41 MP: 6/13
  4833 | D:4      | Found Xoarphes's Food Shop.
  4851 | D:4      | Found a bloodstained altar of Trog.
  5825 | D:4      | Found a transporter.
  5825 | D:4      | Found a sparkling altar of Nemelex Xobeh.
  5841 | D:4      | Found a transporter.
  5940 | D:5      | Entered Level 5 of the Dungeon
  6028 | D:5      | Found Zuer's Assorted Antiques.
  6032 | D:5      | Noticed Grinder
  6041 | D:5      | Paralysed by Grinder for 3 turns
  6072 | D:4      | Reached skill level 10 in Poison Magic
  6072 | D:4      | Reached XP level 8. HP: 23/46 MP: 1/14
  6172 | D:5      | Reached skill level 5 in Spellcasting
  6324 | D:5      | Noticed Sigmund
  6326 | D:5      | Killed Sigmund
  6634 | D:5      | Found a shattered altar of Ashenzari.
  6744 | D:5      | Learned a level 2 spell: Blink
  6826 | D:5      | Paralysed by Grinder for 5 turns
  6838 | D:5      | Killed Grinder
  6838 | D:5      | Reached XP level 9. HP: 24/51 MP: 2/20
  8082 | D:6      | Found a white marble altar of Elyvilon.
  8312 | D:6      | Found a staircase to the Ecumenical Temple.
  9216 | Temple   | Entered the Ecumenical Temple
  9318 | Temple   | Became a worshipper of Vehumet
  9385 | D:7      | Found a bloodstained altar of Trog.
  9777 | D:7      | Found an opulent altar of Gozag.
  9797 | D:7      | Reached XP level 10. HP: 56/56 MP: 18/23
 10161 | D:8      | Noticed Maggie
 10167 | D:8      | Killed Maggie
 10640 | D:8      | Reached * piety under Vehumet
 10640 | D:8      | Offered knowledge of Foxfire by Vehumet.
 10695 | D:8      | Found a glowing silver altar of Zin.
 10820 | D:8      | Reached skill level 1 in Conjurations
 10980 | D:8      | Found an iron altar of Okawaru.
 11340 | D:9      | Found a staircase to the Lair.
 11905 | D:9      | Found a shimmering blue altar of Sif Muna.
 11956 | D:9      | Found a transporter.
 11957 | D:9      | Noticed Jaiteiro's ghost (journeyman GnFi)
 11957 | D:9      | Noticed a two-headed ogre
 11961 | D:9      | Noticed a two-headed ogre
 11962 | D:9      | Found a transporter.
 11987 | D:9      | Found Ofeomol's Antique Weapon Shoppe.
 12272 | D:10     | Entered Level 10 of the Dungeon
 12353 | D:10     | Reached skill level 5 in Conjurations
 12802 | D:10     | Reached XP level 11. HP: 30/61 MP: 2/24
 12988 | D:10     | Offered knowledge of Freeze by Vehumet.
 12988 | D:10     | Reached ** piety under Vehumet
 12988 | D:10     | Reached skill level 1 in Translocations
 13209 | D:10     | Got a flickering pewter ring
 13371 | D:10     | Killed an unseen horror
 13795 | D:11     | Learned a level 2 spell: Searing Ray
 13839 | Lair:1   | Entered Level 1 of the Lair of Beasts
 14240 | Lair:1   | Found a gate leading to a gauntlet.
 14302 | Gauntlet | Entered a Gauntlet
 14302 | Gauntlet | Found a transporter.
 14302 | Gauntlet | Found a transporter.
 14305 | Gauntlet | Noticed a queen ant
 14315 | Gauntlet | Found a transporter.
 14331 | Gauntlet | Found a transporter.
 14331 | Gauntlet | Found a transporter.
 14331 | Gauntlet | Found a transporter.
 14333 | Gauntlet | Found a transporter.
 14333 | Gauntlet | Found a transporter.
 14335 | Gauntlet | Noticed a death yak
 14335 | Gauntlet | Noticed a death yak
 14336 | Gauntlet | Noticed a death yak
 14337 | Gauntlet | Found a runed translucent door.
 14337 | Gauntlet | Noticed a death yak
 14342 | Gauntlet | Found a runed translucent door.
 14344 | Gauntlet | Found a transporter.
 14362 | Gauntlet | Found a transporter.
 14365 | Gauntlet | Noticed an orange crystal statue
 14372 | Gauntlet | Found a transporter.
 14389 | Gauntlet | Found a transporter.
 14410 | Gauntlet | Noticed a ghost crab
 14426 | Gauntlet | Found a transporter.
 14427 | Gauntlet | Found a runed translucent door.
 14440 | Gauntlet | Found a transporter.
 14444 | Gauntlet | Noticed a tengu warrior
 14477 | Gauntlet | Killed a queen ant
 14597 | Gauntlet | Got a slimy whip
 14598 | Gauntlet | Identified the +7 whip "Ballipt" {vorpal, rN+ MR+ Str+2}
                  | (You found it in a Gauntlet)
 14600 | Gauntlet | Identified the ring of the Meadowlark {Int+2 SInv} (You
                  | found it on level 10 of the Dungeon)
 14718 | Gauntlet | Noticed a minotaur
 14730 | Gauntlet | Killed a minotaur
 14938 | Gauntlet | Identified the Reference Book on Transmigration
 15664 | Lair:2   | Reached skill level 10 in Conjurations
 15867 | Lair:2   | Reached skill level 1 in Shields
 16379 | Lair:2   | You fall into a shaft and drop 2 floors!
 16379 | Lair:4   | Noticed Kirke
 16381 | Lair:4   | Offered knowledge of Stone Arrow by Vehumet.
 16382 | Lair:4   | Reached skill level 5 in Shields
 16382 | Lair:4   | Reached XP level 12. HP: 66/66 MP: 18/25
 16582 | Lair:4   | Reached *** piety under Vehumet
 16981 | Lair:4   | HP: 3/66 [poisoned by a black mamba]
 17448 | Lair:3   | Got a scorched bone amulet
 17496 | Lair:3   | Found a hole to the Spider Nest.
 17577 | Lair:3   | Offered knowledge of Airstrike by Vehumet.
 18673 | Lair:2   | Found a staircase to the Shoals.
 18700 | Lair:2   | Reached skill level 10 in Shields
 19080 | Lair:4   | Reached skill level 1 in Fighting
 19185 | Lair:4   | Noticed a catoblepas
 19197 | Lair:4   | Killed a catoblepas
 19197 | Lair:4   | Reached XP level 13. HP: 60/79 MP: 10/26
 19379 | Lair:4   | Got a crude halberd
 19380 | Lair:4   | Identified the +2 halberd of Animal Spirits {antimagic,
                  | Dex+4} (You found it on level 4 of the Lair of Beasts)
 19382 | Lair:4   | Identified the amulet "Linopn" {Acrobat +Blink rElec rPois
                  | MP-9 Stlth+} (You found it on level 3 of the Lair of
                  | Beasts)
 19439 | Lair:4   | Reached skill level 5 in Fighting
 19440 | Lair:4   | Reached **** piety under Vehumet
 19647 | Lair:4   | Offered knowledge of Bolt of Magma by Vehumet.
 19675 | Lair:4   | Noticed Snorg
 19696 | Lair:4   | Killed Snorg
 20021 | Lair:4   | Killed Kirke
 21604 | Lair:6   | Entered Level 6 of the Lair of Beasts
 21607 | Lair:6   | Reached ***** piety under Vehumet
 21607 | Lair:6   | Reached skill level 10 in Fighting
 21607 | Lair:6   | Offered knowledge of Orb of Destruction by Vehumet.
 22085 | Lair:6   | Reached XP level 14. HP: 54/101 MP: 27/27
 22455 | Lair:6   | Found a staircase to the Slime Pits.
 22470 | Lair:6   | Found a transporter.
 22474 | Lair:6   | Identified the +8 spear of the New World {distort, Str+9
                  | Dex-3}
 22497 | Lair:6   | Found a transporter.
 22501 | Lair:6   | Noticed Iaco's ghost (journeyman MiBe)
 22502 | Lair:6   | Found a one-way gate to the infinite horrors of the Abyss.
 23913 | D:11     | Offered knowledge of Fireball by Vehumet.
 23920 | D:11     | Learned a level 5 spell: Fireball
 23981 | D:11     | Found a runed translucent gate.
 23981 | D:11     | Found a runed translucent gate.
 23981 | D:11     | Found a runed translucent gate.
 23986 | D:11     | Noticed gruber's ghost (novice OpTm)
 24123 | D:11     | Reached skill level 1 in Fire Magic
 24968 | D:12     | Reached skill level 5 in Fire Magic
 25030 | D:12     | Identified the ring "Okeley" {AC+4 Str+3}
 25194 | D:12     | Reached XP level 15. HP: 107/107 MP: 18/28
 25319 | D:12     | Found a roughly hewn altar of Beogh.
 25319 | D:12     | Found a staircase to the Orcish Mines.
 25478 | Orc:1    | Entered Level 1 of the Orcish Mines
 25503 | Orc:1    | Found a roughly hewn altar of Beogh.
 25741 | Orc:1    | Offered knowledge of Iron Shot by Vehumet.
 25749 | Orc:1    | Learned a level 6 spell: Iron Shot
 25833 | Orc:2    | Entered Level 2 of the Orcish Mines
 25957 | Orc:2    | Found a staircase to the Elven Halls.
 26103 | Orc:2    | Noticed Urug
 26107 | Orc:2    | Reached skill level 1 in Earth Magic
 26107 | Orc:2    | Noticed Saint Roka
 26109 | Orc:2    | Killed Urug
 26613 | Orc:2    | Found a roughly hewn altar of Beogh.
 26830 | Orc:1    | Found a roughly hewn altar of Beogh.
 27465 | D:13     | Found Anupnuly's Jewellery Shoppe.
 27500 | D:13     | Found a portal to a secret trove of treasure.
 27535 | D:13     | Reached skill level 5 in Earth Magic
 27757 | D:13     | Found Joiplycs's Antique Weapon Boutique.
 28637 | D:14     | Offered knowledge of Freezing Cloud by Vehumet.
 28651 | D:14     | Reached ****** piety under Vehumet
 30072 | D:14     | You fall into a shaft and drop 1 floor!
 30072 | D:15     | Entered Level 15 of the Dungeon
 30074 | D:15     | Found a runed translucent gate.
 30382 | D:14     | Found a gate to the Vaults.
 31193 | D:15     | Reached XP level 16. HP: 112/112 MP: 29/29
 31214 | D:15     | Offered knowledge of Starburst by Vehumet.
 31610 | D:15     | Identified Arait's Catalogue of Cloudy Earth
 31623 | D:15     | Learned a level 5 spell: Borgnjor's Vile Clutch
 31655 | D:15     | Found a runed translucent gate.
 31655 | D:15     | Found a runed translucent gate.
 31658 | D:15     | Found an opulent altar of Gozag.
 31948 | D:15     | Found a staircase to the Depths.
 32170 | D:15     | Noticed SafestHooves's ghost (journeyman CeMo)
 32325 | Spider:1 | Entered Level 1 of the Spider Nest
 33201 | Spider:2 | Reached skill level 15 in Shields
 33204 | Spider:2 | Reached skill level 1 in Necromancy
 33427 | Spider:2 | Found the +3 pair of gauntlets of War {Slay+5}
 33549 | Shoals:1 | Entered Level 1 of the Shoals
 34347 | Shoals:1 | Reached skill level 5 in Necromancy
 34388 | Shoals:1 | Offered knowledge of Lee's Rapid Deconstruction by Vehumet.
 35188 | Shoals:2 | Found the ring of the Octopus King
 35264 | Shoals:2 | Got a ring of the Octopus King
 35265 | Shoals:2 | Identified a ring of the Octopus King {rN+ AC+1 EV+1 Str+1
                  | Int+1 Dex+1} (You found it on level 2 of the Shoals)
 36050 | Shoals:2 | Reached XP level 17. HP: 115/117 MP: 29/30
 37149 | Shoals:3 | Noticed Nikola
 38047 | Shoals:3 | Reached skill level 15 in Conjurations
 38927 | Shoals:3 | Reached skill level 10 in Spellcasting
 39088 | Shoals:4 | Entered Level 4 of the Shoals
 39825 | Shoals:4 | Got a slimy lead ring
 39826 | Shoals:4 | Identified the ring "Ezeix" {rF+ rC- Int+6 Dex+4 Stlth+}
                  | (You found it on level 4 of the Shoals)
 39917 | Shoals:4 | Offered knowledge of Ozocubu's Refrigeration by Vehumet.
 40244 | Shoals:4 | Noticed a kraken
 41605 | Shoals:4 | Got a barnacled rune of Zot
 42251 | Orc:2    | Killed from afar by Saint Roka

Illustrated notes

Levels and vault maps discovered:
D:1:      minmay_arrival_widening_spiral_wide, layout_basic
D:2:      layout_basic, first_ration
D:3:      layout_basic, nicolae_dithmenos_through_a_glass_darkly,
          lightli_temple_of_fire, minmay_misc_feat_x
D:4:      cheibrodos_barr_body, layout_basic, gammafunk_temple_overflow_arena,
          serial_shops, kennysheep_mini_moat, trog_butcher_becter
D:5:      minmay_bubble_buster, layout_basic, ashenzari_altar_1, serial_shops,
          shop, due_unseen_surprise, uniq_grinder, uniq_sigmund
D:6:      layout_basic, elyvilon_altar_1, minmay_temple_entry_large_hall
D:7:      layout_rooms, basic_altar, grunt_ogre_cave, trog_three_pillars_becter
D:8:      layout_rooms, marbit_many_paths, basic_altar, uniq_maggie
D:9:      layout_long_grid, lair_entry_dummy, serial_shops,
          nicolae_shop_overgrown_old_shop, gammafunk_ghost_smash, basic_altar,
          kb_lookout_dungeons_type
D:10:     layout_loops_ring
D:11:     layout_big_octagon, gammafunk_ghost_spectres
D:12:     layout_gridville, david_orc_5, nrook_loot_triangle
D:13:     layout_small_grid, enter_trove_0, serial_shops,
          nicolae_shop_statue_plus, kennysheep_donut, fungi_pond_lemuel,
          minmay_shop_enchanted_jewellery, hangedman_abyss_or_decor_slice
D:14:     layout_long_grid, grunt_vaults_entry_fortified,
          nicolae_lava_and_water, nrook_guardian_serpent_ordinary
D:15:     grunt_enter_depths_snipers, layout_basic, ebering_ghost_gozag,
          hex_medium, minivault_15
Temple:   eino_temple_rhombus
Lair:1:   layout_chaotic_city, gauntlet_entry_generic
Lair:2:   layout_cave_pods, elwin_shoals_entry_rooms, guppyfry_lair_drakes
Lair:3:   layout_loops_ring, spider_nest_entry_a, serial_bayou_pond_a,
          serial_bayou_pond_b, gammafunk_lair_bear_cave,
          infiniplex_staircase_pool_2
Lair:4:   layout_cave_pods, lemuel_fruit_fields, serial_bayou_shore_b,
          uniq_snorg, uniq_kirke
Lair:5:   layout_misc_corridors, minmay_lair_drake_nest
Lair:6:   evilmike_catoblepas_cave, layout_gridlike, slime_dummy,
          gammafunk_ghost_abyssal_escape, patterned_corridor, grunt_megastairs_2
Shoals:1: layout_shoals
Shoals:2: layout_shoals
Shoals:3: layout_shoals, uniq_nikola
Shoals:4: shoals_end_grunt_ice, layout_shoals, yaktaur_hedge
Spider:1: layout_spider_delve
Spider:2: layout_spider_delve
Orc:1:    layout_caves, basic_altar, minmay_orc_temple_a
Orc:2:    grunt_orc_cross, layout_caves, basic_altar

Skill      XL: |  1  2  3  4  5  6  7  8  9 10 11 12 13 14 15 16 17 |
---------------+----------------------------------------------------+-----
Poison Magic   | 4 5 6 7 10 11 13 | 13.0
Spellcasting   | 3 4 7 9 11 | 11.9
Conjurations   | 7 10 13 15 | 15.0
Translocations | 4 |  4.0
Shields        | 5 10 13 15 | 15.0
Fighting       | 3 11 | 11.2
Fire Magic     | 5 6 |  6.1
Earth Magic    | 6 |  6.0
Necromancy     | 8 |  8.0
Dodging        | |  2.0
Stealth        | |  2.6
Transmutations | |  1.0

Action                   |  1- 3 |  4- 6 |  7- 9 | 10-12 | 13-15 | 16-18 || total
-------------------------+-------+-------+-------+-------+-------+-------++-------
Melee: Unarmed           |    61 |    34 |       |       |       |       ||    95
       Constrict         |    20 |    23 |    34 |     7 |    12 |     8 ||   104
       Tentacles         |    10 |    10 |    23 |     4 |    10 |    16 ||    73
       Rapier            |       |    47 |   111 |       |       |       ||   158
       Trident           |       |       |    41 |    24 |       |       ||    65
       Staff             |       |       |       |    12 |       |       ||    12
       Whip              |       |       |       |    11 |    54 |    51 ||   116
Throw: Dart              |       |     9 |     4 |       |       |       ||    13
       Javelin           |       |       |       |     6 |       |     1 ||     7
 Cast: Sting             |    28 |    70 |    17 |    12 |     4 |     1 ||   132
       Olgreb's Toxic Ra |       |     3 |    39 |    88 |   186 |   155 ||   471
       Mephitic Cloud    |       |     1 |    18 |    34 |    19 |     7 ||    79
       Ignite Poison     |       |     1 |    26 |    98 |   219 |   190 ||   534
       Blink             |       |       |       |     4 |    23 |     8 ||    35
       Searing Ray       |       |       |       |     7 |    65 |    68 ||   140
       Fireball          |       |       |       |       |    37 |     9 ||    46
       Iron Shot         |       |       |       |       |       |    18 ||    18
Evoke: Wand              |       |       |     1 |     1 |       |    10 ||    12
  Use: Scroll            |       |       |       |     8 |     6 |    15 ||    29
       Potion            |       |       |       |     2 |       |     1 ||     3
 Stab: Sleeping          |     2 |    11 |     7 |       |     2 |       ||    22
       Confused          |       |       |       |       |       |     1 ||     1
  Eat: Chunk             |     3 |     9 |    23 |    21 |    34 |    35 ||   125
       Ration            |       |       |       |     3 |     4 |     1 ||     8
Armor: Skin              |     8 |     2 |     8 |     7 |    16 |    16 ||    57
Dodge: Dodged            |    57 |    70 |   103 |    52 |   143 |   215 ||   640
Block: Other             |       |    11 |    42 |    22 |       |       ||    75
       Reflection        |       |       |     3 |     2 |       |       ||     5
       Buckler           |       |       |       |     3 |    80 |     3 ||    86
       Kite shield       |       |       |       |       |       |   183 ||   183
